Map: Moonlight Madness LE (Void)

Players

IWishIWasTLO

  • Race: Zerg Zerg
  • League: Grandmaster

wabbajack

  • Race: Zerg Zerg
  • League: Bronze

TrixXxa

  • Race: Zerg Zerg
  • League: Grandmaster

keCken

  • Race: Zerg Zerg
  • League: Grandmaster

VOD

Have the link to the VOD?

Description

Time

  • Played on: July 16, 2015, 2:18 p.m.
  • Length: 17:05
Show
View Real Time Build Order
Export as new Build Order

IWishIWasTLO Zerg 

Build Orders: Hatch First, Lurkers 

Get SALT Encoding   

  12  0:01  Drone  
  13  0:14  Overlord  
  13  0:21  Drone  
  14  0:23  Extractor  
  14  0:24  Drone  
  15  0:35  Drone  
  16  0:43  Drone  
  17  0:57  Hatchery  
  17  1:02  Drone  
  17  1:03  Drone  
  18  1:05  Extractor  
  18  1:09  Drone  
  18  1:21  Spawning Pool  
  17  1:38  Drone x2  
  19  1:43  Overlord  
  19  2:01  Drone  
  19  2:07  Queen  
  22  2:09  Queen  
  22  2:12  Metabolic Boost  
  24  2:17  Zergling x2  
  24  2:19  Drone, Zergling x2  
  27  2:44  Overlord x2, Roach Warren  
  26  2:52  Spine Crawler  
  26  2:53  Zergling x4  
  25  3:30  Overlord  
  25  3:31  Overlord  
  25  3:32  Roach  
  25  3:33  Roach x4  
  35  4:00  Roach  
  35  4:01  Roach x5  
  47  4:26  Roach  
  48  4:35  Zergling x2  
  48  4:36  Zergling x18  
  57  4:47  Overlord  
  57  5:08  Zergling x4  
  57  5:09  Zergling x14  
  54  5:55  Ravager  
  55  6:00  Extractor  
  55  6:02  Drone x3  
  55  6:03  Drone x11  
  68  6:11  Evolution Chamber  
  68  6:15  Overlord x2  
  64  6:57  Hatchery  
  60  7:09  Lair  
  60  7:11  Zerg Missile Weapons Level 1  
  59  7:20  Spore Crawler  
  58  7:24  Roach x2  
  58  7:25  Roach x6  
  74  7:32  Overlord  
  74  7:38  Spine Crawler  
  74  7:42  Spine Crawler  
  72  7:52  Drone x2  
  72  7:53  Drone x3  
  72  7:54  Drone  
  72  7:55  Overlord  
  78  8:08  Queen  
  80  8:13  Hydralisk Den  
  79  8:35  Lurker Den  
  79  8:49  Extractor  
  79  8:50  Extractor  
  79  8:51  Drone  
  79  8:52  Drone x5  
  79  8:53  Drone x2  
  79  8:54  Drone  
  79  8:55  Drone x3  
  89  8:56  Overlord x3  
  89  9:07  Pneumatized Carapace  
  89  9:12  Zerg Ground Armor Level 1  
  45  10:19  Roach  
  45  10:20  Roach x13  
  51  10:50  Ravager x2, Hydralisk x4  
  51  10:51  Ravager, Hydralisk  
  64  11:17  Lurker x3  
  66  11:50  Hatchery  
  65  12:17  Lurker x2  
  67  12:51  Zergling x2  
  67  12:52  Zergling x20  
  77  13:09  Queen  
  54  13:37  Drone  
  54  13:38  Drone x2  
  57  14:12  Drone x3  
  57  14:13  Drone x2  
  62  14:29  Hatchery  
  58  14:56  Hatchery  
  47  15:19  Queen  
  49  15:34  Extractor  
  48  15:36  Extractor  
  48  15:42  Drone x2  
  49  15:43  Drone  
  49  15:44  Drone  
  49  15:45  Drone  
  52  15:53  Hydralisk x3  
  57  16:19  Lurker x2  
  57  16:20  Lurker  
  57  16:25  Overseer  
Show
View Real Time Build Order
Export as new Build Order

wabbajack Zerg 

Build Orders: Hatch First 

Get SALT Encoding   

  12  0:01  Drone  
  13  0:08  Drone  
  14  0:36  Hatchery  
  14  0:40  Drone  
  14  0:43  Extractor  
  14  0:44  Drone  
  15  0:50  Overlord  
  15  1:07  Spawning Pool  
  15  1:08  Extractor  
  13  1:12  Drone  
  13  1:15  Drone  
  15  1:20  Drone  
  16  1:27  Overlord  
  16  1:53  Queen x2  
  20  1:59  Zergling x4  
  22  2:04  Drone  
  23  2:10  Metabolic Boost  
  24  2:15  Drone  
  24  2:20  Drone  
  25  2:24  Drone  
  25  2:29  Drone  
  27  2:30  Drone  
  28  2:39  Drone x2  
  30  2:47  Drone x3  
  33  2:59  Roach Warren  
  32  3:09  Overlord  
  32  3:16  Drone x2  
  34  3:25  Overlord x2  
  33  3:40  Roach x5  
  43  3:43  Roach  
  43  3:44  Roach x2  
  49  3:50  Overlord  
  49  3:52  Overlord  
  48  4:12  Drone x5  
  54  4:17  Ravager  
  54  4:19  Ravager  
  54  4:22  Hatchery  
  54  4:30  Drone x4  
  58  4:34  Extractor  
  58  4:35  Extractor  
  56  4:41  Zergling x10  
  56  4:42  Zergling x4  
  63  4:57  Overlord  
  63  5:01  Drone x3  
  63  5:02  Roach  
  63  5:03  Roach x2  
  72  5:08  Drone  
  73  5:19  Drone x2  
  73  5:20  Roach x2  
  79  5:22  Roach  
  81  5:31  Roach  
  82  5:37  Roach x4  
  82  5:38  Roach  
  80  5:45  Roach x2  
  80  5:46  Zergling x2  
  80  5:48  Roach x2  
  77  5:57  Roach x2  
  77  5:58  Roach  
  77  5:59  Ravager  
  84  6:05  Roach  
  84  6:06  Roach  
  84  6:07  Zergling x4  
  84  6:10  Overlord  
  90  6:21  Lair  
  90  6:28  Queen  
  90  6:32  Drone x4  
  96  6:33  Overlord x2  
  96  6:36  Ravager  
  96  6:38  Ravager  
  98  6:56  Roach x2  
  98  6:57  Evolution Chamber, Roach x4  
  98  6:58  Roach  
  98  6:59  Roach  
  113  7:03  Overlord x2  
  113  7:14  Overlord x3  
  113  7:27  Drone x5  
  113  7:28  Drone x5  
  123  7:30  Glial Reconstitution  
  123  7:34  Zerg Missile Weapons Level 1  
  123  7:41  Extractor  
  123  7:43  Drone x4  
  123  7:44  Drone x2  
  128  7:46  Overlord  
  128  7:49  Overseer  
  128  7:55  Drone  
  128  7:56  Drone  
  130  8:07  Drone x3  
  130  8:11  Roach x4  
  141  8:14  Extractor  
  141  8:15  Extractor  
  141  8:18  Hatchery  
  138  8:27  Overlord x2  
  138  8:28  Evolution Chamber  
  137  8:41  Ravager  
  137  8:43  Ravager  
  137  8:44  Drone x2, Ravager  
  137  8:45  Ravager x3  
  137  8:46  Ravager  
  137  8:48  Hydralisk Den  
  145  8:56  Spore Crawler  
  145  8:58  Spore Crawler  
  145  9:00  Spore Crawler  
  142  9:04  Drone x4, Overlord  
  142  9:05  Overlord x2, Zerg Ground Armor Level 1  
  142  9:06  Drone x2, Roach, Overlord x2  
  142  9:07  Roach x3  
  156  9:24  Hydralisk  
  156  9:25  Hydralisk x4, Muscular Augments  
  166  9:32  Queen  
  166  9:33  Drone x5  
  173  9:45  Extractor  
  172  9:46  Extractor  
  172  9:52  Hydralisk x2  
  169  9:53  Hydralisk x6  
  169  9:58  Drone x3  
  169  9:59  Drone  
  176  10:05  Zerg Missile Weapons Level 2  
  165  10:09  Infestation Pit  
  165  10:13  Drone x4  
  163  10:14  Drone x3  
  163  10:20  Drone x3  
  168  10:22  Lurker Den  
  168  10:37  Hydralisk x2  
  168  10:38  Hydralisk x3, Roach x3  
  168  10:39  Roach x2  
  188  11:01  Hive  
  188  11:03  Hydralisk  
  188  11:04  Hydralisk x2, Roach x2  
  188  11:10  Hatchery  
  195  11:16  Zerg Ground Armor Level 2  
  192  11:23  Hatchery  
  191  11:50  Ravager x5  
  191  11:51  Ravager x3  
  189  12:22  Overseer x3  
  189  12:23  Overseer  
  189  12:28  Pathogen Glands  
  189  12:29  Zerg Missile Weapons Level 3  
  189  12:30  Overseer  
  189  12:33  Adrenal Glands  
  189  12:35  Ultralisk Cavern, Tunneling Claws  
  189  12:37  Burrow, Lurker  
  186  12:46  Ravager x2  
  186  12:48  Lurker  
  186  12:50  Queen  
  191  12:59  Extractor  
  191  13:01  Spore Crawler, Extractor  
  191  13:03  Roach x2  
  191  13:04  Roach x4  
  197  13:07  Roach  
  197  13:11  Roach x2  
  188  13:13  Viper  
  188  13:14  Viper  
  147  13:23  Viper  
  131  13:27  Roach x2  
  133  13:40  Ravager x3  
  136  13:42  Viper  
  139  13:50  Extractor x2  
  137  14:01  Chitinous Plating  
  137  14:05  Ultralisk x2  
  149  14:13  Ultralisk  
  153  14:33  Zerg Melee Weapons Level 1  
  153  14:35  Ultralisk x2  
  165  14:41  Zergling x16  
  165  14:42  Zergling x52  
  199  15:52  Hatchery  
  198  16:06  Spire x2  
  196  16:22  Spore Crawler  
Show
View Real Time Build Order
Export as new Build Order

TrixXxa Zerg 

Build Orders:  

Get SALT Encoding   

Show
View Real Time Build Order
Export as new Build Order

keCken Zerg 

Build Orders:  

Get SALT Encoding   

Tags
 
Add a new tag
Caveats
  • Supply blocks, unpowered buildings, or Contaminate may cause inaccurate times.
  • Supply counts are checked every 10 seconds.